 Dungeon Crawl Stone Soup version 0.21-a0-356-g45b0a09 (webtiles) character file.

3311 grizmgrazm2 the Covert (level 9, -2/61 HPs)
             Began as a Vampire Enchanter on Oct 12, 2017.
             Was a Priest of Kikubaaqudgha.
             Slain by a two-headed ogre
             ... wielding a +0 giant club
              (13 damage)
             ... on level 9 of the Dungeon.
             The game lasted 00:34:53 (9291 turns).

grizmgrazm2 the Covert (Vampire Enchanter)          Turns: 9291, Time: 00:34:55

Health: -2/61      AC: 10    Str: 10    XL:     9   Next: 70%
Magic:  18/27      EV: 13    Int: 24    God:    Kikubaaqudgha [***...]
Gold:   253        SH:  0    Dex: 14    Spells: 0/20 levels left

rFire    . . .     SeeInvis +   h - +3 dagger (speed)
rCold    + + .     Gourm    .   (no shield)
rNeg     + + +     Faith    .   b - +0 robe
rPois    ∞         Spirit   .   s - +0 helmet
rElec    .         Reflect  .   t - +0 cloak
rCorr    .         Harm     .   k - +2 pair of gloves
MR       .....                  a - +2 pair of boots
Stlth    ++++++++..             r - amulet of Wiaham {+Rage Int+6}
HPRegen  0.00/turn              y - ring of wizardry
MPRegen  0.20/turn              o - ring of magical power

@: bloodless, non-regenerating
A: fangs 3, see invisible, unbreathing
a: Bat Form, Receive Corpses, Renounce Religion, Evoke Berserk Rage


You were on level 9 of the Dungeon.
You worshipped Kikubaaqudgha.
Kikubaaqudgha was most pleased with you.
You were bloodless.

You visited 1 branch of the dungeon, and saw 9 of its levels.

You collected 532 gold pieces.
You spent 279 gold pieces at shops.

Inventory:

Hand Weapons
 h - a +3 dagger of speed (weapon)
Armour
 a - a +2 pair of boots (worn)
 b - a +0 robe (worn)
 k - a +2 pair of gloves (worn)
 s - a +0 helmet (worn)
 t - a +0 cloak (worn)
Magical Staves
 F - an uncursed staff of earth
Jewellery
 o - a ring of magical power (right hand)
 p - an uncursed ring of protection from magic
 r - the amulet of Wiaham (around neck) {+Rage Int+6}
   (You found it on level 5 of the Dungeon)

   [amulet of rage]

   It affects your intelligence (+6).
   It lets you go berserk.
 v - an uncursed ring of stealth
 y - a ring of wizardry (left hand)
 A - a +4 ring of evasion
Wands
 f - a wand of confusion (21/48)
 j - a wand of random effects (21/48)
 q - a wand of confusion (29/48)
 u - a wand of iceblast (14/15)
 B - a wand of acid (5/15)
 D - a wand of paralysis (15/24)
 H - a wand of paralysis (12/24)
 J - a wand of flame (24/48)
Scrolls
 g - 5 scrolls of blinking
 l - 8 scrolls of remove curse
 m - 8 scrolls of teleportation
 C - 3 scrolls of identify
Potions
 d - 12 potions of blood
 e - 5 potions of curing
 i - 2 potions of magic
 w - a potion of flight
 x - a potion of might
 z - 6 potions of brilliance
Books
 c - a book of Maledictions

   Spells                             Type                      Level
   a - Corona                         Hexes                        1
   b - Ensorcelled Hibernation        Hexes/Ice                    2
   c - Confuse                        Hexes                        3
   d - Tukima's Dance                 Hexes                        3
   e - Dazzling Spray                 Conjuration/Hexes            3
 n - Kikubaaqudgha's Guide on Unholy Magic
   (Kikubaaqudgha gifted it to you on level 3 of the Dungeon)

   Spells                             Type                      Level
   a - Pain                           Necromancy                   1
   b - Corpse Rot                     Necromancy                   2
   c - Sublimation of Blood           Necromancy                   2
   d - Regeneration                   Charms/Necromancy            3
   e - Control Undead                 Necromancy                   4
 E - a book of Conjurations

   Spells                             Type                      Level
   a - Magic Dart                     Conjuration                  1
   b - Searing Ray                    Conjuration                  2
   c - Dazzling Spray                 Conjuration/Hexes            3
   d - Fulminant Prism                Conjuration/Hexes            4
   e - Force Lance                    Conjuration/Translocation    4
   f - Iskenderun's Mystic Blast      Conjuration                  4
 G - a book of Cantrips

   Spells                             Type                      Level
   a - Confusing Touch                Hexes                        1
   b - Animate Skeleton               Necromancy                   1
   c - Summon Small Mammal            Summoning                    1
   d - Apportation                    Translocation                1
 I - Kikubaaqudgha's Papyrus of Darkness
   (Kikubaaqudgha gifted it to you on level 9 of the Dungeon)

   Spells                             Type                      Level
   a - Animate Dead                   Necromancy                   4
   b - Agony                          Necromancy                   5
   c - Dispel Undead                  Necromancy                   5
   d - Simulacrum                     Ice/Necromancy               6
   e - Death Channel                  Necromancy                   6


   Skills:
 + Level 2.0 Fighting
 + Level 4.4 Short Blades
 + Level 3.1 Dodging
 * Level 13.9 Stealth
 + Level 6.1 Spellcasting
 + Level 8.9 Hexes
 + Level 1.3 Necromancy
 + Level 2.7 Ice Magic


You couldn't memorise any spells.
You knew the following spells:

 Your Spells              Type           Power        Failure   Level  Hunger
a - Ensorcelled Hibernat  Hex/Ice        #####.       1%          2    None
b - Confuse               Hex            ######..     1%          3    #......
c - Tukima's Dance        Hex            ######..     1%          3    #......
d - Pain                  Necr           ##..         1%          1    None
e - Sublimation of Blood  Necr           ##........   2%          2    None
f - Animate Dead          Necr           N/A          17%         4    ###....
g - Agony                 Necr           ##......     43%         5    #####..


Dungeon Overview and Level Annotations

Branches:
Dungeon (9/15)             Temple (0/1) D:4
   Lair: D:8-11         Orc: D:9-12

Altars:
Dithmenos
Elyvilon
Kikubaaqudgha
Nemelex Xobeh
Ru
Sif Muna
Trog
Vehumet
Wu Jian
Yredelemnul

Shops:
D:5 [%!}*   D:9 *


Innate Abilities, Weirdness & Mutations

You do not heal naturally.
You are immune to poison.
You have razor-sharp teeth.
You have supernaturally acute eyesight. (SInv)
You can survive without breathing.


Message History

Casting: Tukima's Dance
Confirm with . or Enter, or press ? or * to list all spells.
Aiming: Confuse
Press: ? - help, Shift-Dir - straight line, f/p - two-headed ogre
Aim: a two-headed ogre, wielding a giant club (chance to defeat MR: 55%)
The two-headed ogre resists with significant effort.
The two-headed ogre wields a giant club.
The two-headed ogre closely misses you.
The two-headed ogre hits you with a giant club!
Casting: Confuse
Confirm with . or Enter, or press ? or * to list all spells.
Aiming: Tukima's Dance
Press: ? - help, Shift-Dir - straight line, f/p - two-headed ogre
Aim: a two-headed ogre, wielding a giant club (chance to defeat MR: 67%)
The two-headed ogre struggles to resist.
The two-headed ogre hits you with a giant club!
* * * LOW HITPOINT WARNING * * *
The two-headed ogre hits you with a giant club!
You die...
Kikubaaqudgha rasps: "You have failed me!
Welcome... oblivion!"

#. .### ####.#
#...############
......##+##....#......#....
.. ..............+......#....
.......8.....8...#.....##....
.... #...8.8.....#.....##...#
....##.........($#..<..##...#
..........†W....+...........
.........#Z@O...#.....##<...
####....#......#.....##....
#..Z.#......+.....##...#
#....#......#.....##...#
#....#......#.....##....
#....#......#####+##....
#....#......# ...#
##....#......+ #.....#......#
.


You could see a two-headed ogre, a phantom, a friendly giant spiked club and a
friendly orc warrior zombie.

Vanquished Creatures
  The ghost of Tux the Charmwright, a novice GnSk (D:6)
  A troll (D:9)
  Grinder (D:5)
  Sigmund (D:3)
  2 orc warriors
  An ogre (D:4)
  A phantom (D:2)
  3 black bears
  3 centaurs
  2 bullfrogs
  A water moccasin zombie (D:7)
  2 scorpions
  5 crimson imps
  2 orc priests
  A bullfrog skeleton (D:7)
  A centaur skeleton (D:5)
  6 hounds
  3 jellies
  3 orc wizards
  A gnoll shaman (D:5)
  Ijyb (D:5)
  2 iguanas
  5 worker ants
  A hound skeleton (D:5)
  A worker ant zombie (D:9)
  Robin (D:1)
  A howler monkey skeleton (D:4)
  A gnoll (D:5)
  9 adders
  3 shadow imps
  2 oozes (D:3)
  An adder skeleton (D:6)
  A worm (D:2)
  3 dart slugs
  7 leopard geckos
  27 orcs
  A giant cockroach (D:1)
  11 goblins
  10 hobgoblins
  7 jackals (D:1)
  3 quokkas
  3 ball pythons
  6 bats
  9 frilled lizards
  7 kobolds
  A leopard gecko zombie (D:5)
  7 rats
172 creatures vanquished.

Vanquished Creatures (collateral kills)
  2 orc warriors
  2 ogres
  An orc priest (D:9)
  2 gnolls (D:5)
  2 orcs
9 creatures vanquished.

Vanquished Creatures (others)
  2 dancing weapons
2 creatures vanquished.

Grand Total: 183 creatures vanquished

Notes
Turn   | Place    | Note
-------+----------+-------------------------------------------
     0 | D:1      | grizmgrazm2 the Vampire Enchanter began the quest for the Orb.
     0 | D:1      | Reached XP level 1. HP: 13/13 MP: 3/3
   731 | D:1      | Reached XP level 2. HP: 15/20 MP: 3/5
   736 | D:1      | Learned a level 2 spell: Ensorcelled Hibernation
   950 | D:1      | Reached XP level 3. HP: 13/25 MP: 0/6
  1391 | D:2      | Reached skill level 5 in Stealth
  1394 | D:2      | Noticed Robin
  1490 | D:2      | Found an ornate altar of the Wu Jian Council.
  1501 | D:2      | Reached skill level 5 in Hexes
  1693 | D:1      | Learned a level 3 spell: Confuse
  2042 | D:1      | Killed Robin
  2325 | D:2      | Noticed a phantom
  2361 | D:2      | Killed a phantom
  2361 | D:2      | Reached skill level 1 in Fighting
  2361 | D:2      | Reached skill level 6 in Stealth
  2361 | D:2      | Reached XP level 4. HP: 20/32 MP: 0/8
  2361 | D:2      | Reached XP level 5. HP: 23/37 MP: 0/9
  2367 | D:2      | Learned a level 3 spell: Tukima's Dance
  2612 | D:2      | Found an ancient bone altar of Kikubaaqudgha.
  2655 | D:2      | Became a worshipper of Kikubaaqudgha
  3127 | D:3      | Noticed Sigmund
  3144 | D:3      | Found a faded altar of an unknown god.
  3145 | D:3      | Killed Sigmund
  3145 | D:3      | Reached skill level 7 in Stealth
  3145 | D:3      | Reached skill level 1 in Ice Magic
  3145 | D:3      | Reached XP level 6. HP: 43/43 MP: 7/10
  3276 | D:3      | Reached skill level 8 in Stealth
  3571 | D:3      | Reached * piety under Kikubaaqudgha
  3571 | D:3      | Identified Kikubaaqudgha's Guide on Unholy Magic (Kikubaaqudgha gifted it to you on level 3 of the Dungeon)
  3571 | D:3      | Received a gift from Kikubaaqudgha
  3576 | D:3      | Learned a level 2 spell: Sublimation of Blood
  3666 | D:4      | Learned a level 1 spell: Pain
  3671 | D:4      | Found a staircase to the Ecumenical Temple.
  3672 | D:4      | Reached XP level 7. HP: 48/48 MP: 9/12
  4309 | D:5      | Entered Level 5 of the Dungeon
  4332 | D:5      | Found Gupuekh's Armour Emporium.
  4338 | D:5      | Reached skill level 9 in Stealth
  4344 | D:5      | Noticed Grinder
  4350 | D:5      | Got a shimmering bronze amulet
  4372 | D:4      | Reached skill level 1 in Necromancy
  4691 | D:4      | Identified the amulet of Wiaham {+Rage Int+6} (You found it on level 5 of the Dungeon)
  4712 | D:5      | Killed Grinder
  4712 | D:5      | Reached skill level 10 in Stealth
  4935 | D:5      | Reached XP level 8. HP: 51/54 MP: 14/14
  4956 | D:5      | Bought a +0 helmet for 54 gold pieces
  4971 | D:5      | Found Gucuest's Food Boutique.
  4982 | D:5      | Found Ofek Kup's Distillery.
  5034 | D:5      | Found a deep blue altar of Sif Muna.
  5126 | D:5      | Found Car Pem's General Store.
  5129 | D:5      | Bought a scroll of blinking for 75 gold pieces
  5129 | D:5      | Bought a scroll of blinking for 75 gold pieces
  5129 | D:5      | Bought a scroll of enchant armour for 75 gold pieces
  5206 | D:5      | Found Wiguf's Gadget Emporium.
  5222 | D:5      | Noticed Ijyb
  5315 | D:5      | Reached ** piety under Kikubaaqudgha
  5337 | D:5      | Killed Ijyb
  5655 | D:5      | Reached skill level 11 in Stealth
  5886 | D:6      | Found a bloodstained altar of Trog.
  5947 | D:6      | Reached skill level 5 in Spellcasting
  6053 | D:6      | Noticed Tux's ghost (novice GnSk)
  6074 | D:6      | Killed Tux's ghost
  6074 | D:6      | Reached skill level 12 in Stealth
  6074 | D:6      | Reached XP level 9. HP: 50/59 MP: 16/16
  6146 | D:6      | Found a sacrificial altar of Ru.
  6227 | D:6      | Found a white marble altar of Elyvilon.
  6291 | D:6      | Found a basalt altar of Yredelemnul.
  7860 | D:7      | Found a radiant altar of Vehumet.
  7884 | D:7      | Reached skill level 13 in Stealth
  8579 | D:8      | Found a shadowy altar of Dithmenos.
  8975 | D:9      | Found Meneoj's General Store.
  8998 | D:9      | Found a sparkling altar of Nemelex Xobeh.
  9069 | D:9      | Noticed a troll
  9076 | D:9      | Killed a troll
  9145 | D:9      | Reached *** piety under Kikubaaqudgha
  9145 | D:9      | Identified Kikubaaqudgha's Papyrus of Darkness (Kikubaaqudgha gifted it to you on level 9 of the Dungeon)
  9145 | D:9      | Received a gift from Kikubaaqudgha
  9154 | D:9      | Learned a level 4 spell: Animate Dead
  9160 | D:9      | Learned a level 5 spell: Agony
  9284 | D:9      | Noticed a two-headed ogre
  9291 | D:9      | Slain by a two-headed ogre

Vault maps used:
D:1:      minmay_arrival_checkered_box
D:2:      marbit_many_paths, overflow_temple_1_default, uniq_robin
D:3:      chequers_ecumenical_altar_lobes, uniq_sigmund
D:4:      minmay_temple_entry_large_hall, first_bread
D:5:      kennysheep_mini_moat, serial_shops, nicolae_shop_crystal, shop,
          nicolae_shop_temple_entry_statues_fountains, nicolae_shop_waterfront,
          nicolae_shop_behind_doors, uniq_ijyb, uniq_grinder
D:6:      kennysheep_ying_yang, lemuel_doored_altar, trog_ov_bears_minmay
D:7:      fiery_altar_vehumet
D:8:      nicolae_dithmenos_through_a_glass_darkly
D:9:      nemelex_xobeh_ov_fountains_minmay, zin_statuary, serial_shops,
          nicolae_shop_statue_plus

Skill      XL: |  1  2  3  4  5  6  7  8  9 |
---------------+----------------------------+-----
Stealth        | 6 7 8 10 12 13 | 13.9
Hexes          | 5 6 7 8 |  8.9
Fighting       | 1 2 |  2.0
Short Blades   | 2 3 4 |  4.4
Spellcasting   | 3 4 5 6 |  6.1
Ice Magic      | 1 2 |  2.7
Necromancy     | 1 |  1.3
Dodging        | 3 |  3.1

Action                   |  1- 3 |  4- 6 |  7- 9 || total
-------------------------+-------+-------+-------++-------
Melee: Dagger            |   114 |    72 |   193 ||   379
       Short sword       |     8 |       |       ||     8
       Bite              |     5 |     5 |    21 ||    31
 Cast: Corona            |     8 |       |       ||     8
       Ensorcelled Hiber |    22 |    22 |    48 ||    92
       Confuse           |     3 |     2 |    48 ||    53
       Pain              |       |       |    33 ||    33
       Tukima's Dance    |       |       |    20 ||    20
       Animate Dead      |       |       |     1 ||     1
 Abil: End Transformatio |       |       |     1 ||     1
       Bat Form          |       |       |     1 ||     1
  Use: Scroll            |     7 |     5 |    12 ||    24
       Potion            |     1 |     1 |     4 ||     6
 Stab: Sleeping          |    20 |    27 |    62 ||   109
       Confused          |     3 |       |    15 ||    18
Armor: Robe              |    19 |    17 |    46 ||    82
Dodge: Dodged            |    63 |    27 |   115 ||   205

Table legend:
 A = Spawn XP
 B = Non-spawn XP
 C = Spawn XP percentage of total XP
 D = Spawn monster count
 E = Non-spawn monster count
 F = Spawn count percentage of total count
 G = Total turns spent on level
                    A         B        C        D         E        F      G
               +---------+---------+-------+---------+---------+-------+---------
         Total |       0 |    4731 |   0.0 |       0 |     181 |   0.0 |  9291
               +---------+---------+-------+---------+---------+-------+---------
           D:1 |       0 |      77 |   0.0 |       0 |      36 |   0.0 |  2136
           D:2 |       0 |     155 |   0.0 |       0 |      18 |   0.0 |   787
           D:3 |       0 |     385 |   0.0 |       0 |      27 |   0.0 |   723
           D:4 |       0 |     412 |   0.0 |       0 |      17 |   0.0 |   991
           D:5 |       0 |     960 |   0.0 |       0 |      26 |   0.0 |  1138
           D:6 |       0 |    1063 |   0.0 |       0 |      20 |   0.0 |  1253
           D:7 |       0 |     825 |   0.0 |       0 |      19 |   0.0 |  1277
           D:8 |       0 |     223 |   0.0 |       0 |       4 |   0.0 |   593
           D:9 |       0 |     631 |   0.0 |       0 |      14 |   0.0 |   393
               +---------+---------+-------+---------+---------+-------+---------
